 Dungeon Crawl Stone Soup version 0.31.0-1-g2c135a0 (webtiles) character file.

Game seed: 14937777457667379139

11554 selexin the Fighter (level 11, -7/93 HPs)
             Began as a Hill Orc Fighter on Mar 6, 2024.
             Was a Priest of Hepliaklqana.
             Mangled by a +1 spectral giant club (31 damage)
             ... created by Erolcha
             ... on level 10 of the Dungeon on Mar 7, 2024.
             The game lasted 00:29:49 (8662 turns).

selexin the Fighter (Hill Orc Fighter)              Turns: 8662, Time: 00:29:50

Health: -7/93      AC: 11    Str: 27    XL:     11   Next: 79%
Magic:  11/11      EV: 16    Int:  8    God:    Hepliaklqana [***...]
Gold:   1814       SH:  6    Dex: 10    Spells: 6/10 levels left

rFire   . . .        g - +4 broad axe of Jawus {drain, *Corrode rN+ Str+3}
rCold   . . .        c - +0 buckler
rNeg    + . .        s - +2 leather armour {Will+}
rPois   .            p - +1 helmet
rElec   .            (no cloak)
rCorr   +            d - +2 pair of gloves
SInv    .            j - +2 pair of boots
Will    +....        E - amulet of regeneration
Stlth   +            f - +4 ring of slaying
HPRegen 1.15/turn    b - ring of the Will of the Gods {rCorr EV+5}
MPRegen 0.12/turn

%: corrode self (3%)
@: corroded, studying Throwing
A: reduced essence
a: Renounce Religion, Recall Ancestor, Ancestor Identity, Transference


You were on level 10 of the Dungeon.
You worshipped Hepliaklqana.
Hepliaklqana was most pleased with you.
You visited 1 branch of the dungeon, and saw 10 of its levels.

You collected 1814 gold pieces.

Inventory:

Hand Weapons
 a - a +1 spectral war axe
 g - the +4 broad axe of Jawus (weapon) {drain, *Corrode rN+ Str+3}
   (You acquired it on level 2 of the Dungeon)

   Str+3:     It affects your strength (+3).
   rN+:       It protects you from negative energy.
   *Corrode:  It may corrode you when you take damage.
Missiles
 u - a throwing net
Armour
 c - a +0 buckler (worn)
 d - a +2 pair of gloves (worn)
 j - a +2 pair of boots (worn)
 p - a +1 helmet (worn)
 s - a +2 leather armour of willpower (worn)
Magical Staves
 D - a staff of earth
Jewellery
 b - the ring of the Will of the Gods (right hand) {rCorr EV+5}
   (You acquired it on level 2 of the Dungeon)

   [ring of evasion]

   EV+5:      It affects your evasion (+5).
   rCorr:     It protects you from acid and corrosion.
 f - a +4 ring of slaying (left hand)
 k - an amulet of guardian spirit
 m - a ring of positive energy
 E - an amulet of regeneration (around neck)
 G - an amulet of regeneration
Wands
 e - a wand of paralysis (13) (quivered)
 C - a wand of mindburst (15)
 F - a wand of iceblast (6)
Scrolls
 i - a scroll of revelation
 n - 6 scrolls of poison
 o - 2 scrolls of immolation
 q - a scroll of identify
 r - 3 scrolls of teleportation
 t - a scroll of vulnerability
 v - 2 scrolls of blinking
 w - a scroll of butterflies
 y - a scroll of brand weapon
 B - a scroll of enchant weapon
Potions
 l - 2 potions of attraction
 x - a potion of lignification
 z - a potion of enlightenment {unknown}
 A - 2 potions of brilliance
 H - 13 potions of degeneration


   Skills:
 + Level 12.1 Fighting
 + Level 11.7 Axes
 + Level 9.5 Armour
 + Level 10.7 Shields
 * Level 4.2 Earth Magic


You had 6 spell levels left.
You knew the following spells:

 Your Spells              Type           Power      Damage    Failure   Level
a - Sandblast             Erth           12%        2d6       10%         1
b - Passwall              Erth           6%         N/A       28%         3

Your spell library contained the following spells:

 Spells                   Type           Power      Damage    Failure   Level
 Stone Arrow              Conj/Erth      6%         3d7       56%         3
 Static Discharge         Conj/Air       0%         3-3/arc   63%         2
 Sublimation of Blood     Necr           0%         N/A       63%         2
 Brom's Barrelling Bould  Conj/Erth      3%         2d3       92%         4
 Petrify                  Alch/Erth      3%         N/A       92%         4
 Airstrike                Air            0%         2d(0-16)  99%         4
 Ignite Poison            Fire/Alch      0%         N/A       99%         4
 Sticky Flame             Fire/Alch      0%         2d4       99%         4
 Summon Lightning Spire   Summ/Air       0%         N/A       99%         4
 Irradiate                Conj/Alch      0%         3d11      100%        5
 Ignition                 Fire           0%         3d3       100%        8
 Chain Lightning          Conj/Air       0%         N/A       100%        9
 Fire Storm               Conj/Fire      0%         5d1       100%        9
 Shatter                  Erth           3%         3d7*      100%        9


Dungeon Overview and Level Annotations

Branches:
Dungeon (10/15)            Temple (0/1) D:7             Orc (0/2) D:9
   Lair: D:8-11

Altars:
Ashenzari
Dithmenos
Elyvilon
Hepliaklqana
Kikubaaqudgha
Nemelex Xobeh
Ru
Sif Muna
Vehumet
Wu Jian
Xom
Yredelemnul
Zin
The Shining One

Annotations:
D:10 Erolcha


Message History

Ryder hits the green ugly thing with a +0 quarterstaff.
You block the green ugly thing's attack.
You swap places.
Ryder hits the green ugly thing with a +0 quarterstaff!
The green ugly thing dies!
You miss the killer bee. The killer bee closely misses you.
Erolcha roars.
Ryder hits the killer bee with a +0 quarterstaff!
The killer bee closely misses Ryder.
You slash the killer bee!
You kill the killer bee!
Ryder closely misses the killer bee.
The killer bee closely misses you.
You miss the killer bee.
The killer bee stings you but does no damage.
Ryder misses the killer bee.
You block the killer bee's attack.
You miss the killer bee. The killer bee closely misses you.
Erolcha casts a spell.
Erolcha flickers and vanishes!
Deactivating autopickup; reactivate with Ctrl-A.
Ryder gestures next to the killer bee while chanting.
The puff of frost hits the killer bee!
The killer bee completely misses Ryder.
You miss the killer bee.
The killer bee is heavily wounded.
The killer bee closely misses you.
Ryder hits the killer bee with a +0 quarterstaff!!
The killer bee dies!
No target in view!
Something hits you!! The +1 spectral giant club hits you!!
A +1 spectral giant club comes into view.
There is an open door, spattered with blood here.
Things that are here:
a killer bee corpse; a killer bee corpse; an ugly thing corpse You closely miss something.
You hit the +1 spectral giant club but do no damage.
Something hits you! The +1 spectral giant club hits you!
* * * LOW HITPOINT WARNING * * *
You slice something!! You slash the +1 spectral giant club!
The +1 spectral giant club closely misses you.
You slash something! The +1 spectral giant club hits you!!
You die...

........# ##########u.....
........# #...............
.......+ #...............
###.....# #...............
..#.....#######...######......
..#...........#...# .....
..#...........#...# ....
..#...........#({.# ...
..#.....###'####@## ..
..#.....#.<.....R.# .
..'.....#.........#
..#.....#.........#
..#######.....#####
........#.....#
........#.....+
........#.....#
........#######


You could see the friendly Ryder the battlemage and a +1 spectral giant club.

Vanquished Creatures
  A two-headed ogre (D:8)
  Lodul (D:10)
  Pikel (D:8)
  Joseph (D:8)
  A gargoyle (D:8)
  A troll (D:9)
  A hornet (D:9)
  Prince Ribbit (D:8)
  A slime creature (D:8)
  A wraith (D:9)
  Eustachio (D:5)
  4 yaks (D:8)
  4 steam dragons
  Menkaure (D:5)
  Edmund (D:5)
  An acid dragon (D:8)
  2 water moccasins
  An ice beast (D:6)
  3 orc warriors
  A black bear (D:4)
  11 ogres
  3 wolves (D:9)
  3 centaurs
  A lemure (D:8)
  2 phantoms (D:5)
  Blork the orc (D:5)
  2 bullfrogs (D:9)
  3 kobold brigands (D:9)
  2 scorpions
  4 gnoll sergeants
  A wight (D:8)
  A killer bee (D:10)
  A jelly (D:5)
  4 gnoll boudas
  5 orc priests
  2 hounds
  4 sleepcaps
  Jessica (D:2)
  Ijyb (D:4)
  Natasha (D:3)
  An iguana (D:5)
  7 orc wizards
  7 adders
  25 gnolls
  A white imp (D:6)
  6 dart slugs
  3 ribbon worms (D:2)
  32 orcs
  2 endoplasms
  6 giant cockroaches
  11 goblins
  9 hobgoblins
  7 jackals
  5 quokkas
  8 ball pythons
  8 bats
  3 frilled lizards
  10 kobolds
  6 rats
  A spectral orc (D:7)
240 creatures vanquished.

Vanquished Creatures (collateral kills)
  Erica (D:9)
  An ugly thing (D:10)
  Psyche (D:9)
  A hornet (D:7)
  A steam dragon (D:8)
  Grum (D:9)
  An orc warrior (D:8)
  A sky beast (D:8)
  A wolf (D:9)
  2 centaurs (D:7)
  A weeping skull (D:7)
  A bullfrog (D:9)
  2 wights (D:8)
  3 killer bees (D:10)
  A hound (D:5)
  4 orc wizards
  3 gnolls
  10 orcs
  2 kobolds (D:9)
38 creatures vanquished.

Vanquished Creatures (others)
  A battlemage (D:8)
1 creature vanquished.

Grand Total: 279 creatures vanquished

Notes
Turn   | Place    | Note
-------+----------+-------------------------------------------
     0 | D:1      | selexin the Hill Orc Fighter began the quest for the Orb.
     0 | D:1      | Reached XP level 1. HP: 19/19 MP: 1/1
   227 | D:1      | Reached XP level 2. HP: 25/27 MP: 2/2
   562 | D:1      | Reached skill level 4 in Fighting
   622 | D:1      | Reached XP level 3. HP: 33/33 MP: 3/3
  1081 | D:2      | Noticed Jessica
  1086 | D:2      | Killed Jessica
  1087 | D:2      | Reached XP level 4. HP: 40/40 MP: 4/4
  1180 | D:2      | Identified 3 scrolls of acquirement
  1180 | D:2      | Acquired the +4 broad axe of Jawus {drain, *Corrode rN+
                  | Str+3}
  1181 | D:2      | Acquired the ring of the Will of the Gods {rCorr EV+5}
  1182 | D:2      | Acquired 809 gold pieces
  1636 | D:3      | Reached XP level 5. HP: 47/47 MP: 5/5
  2122 | D:3      | Noticed Natasha
  2128 | D:3      | Killed Natasha
  2129 | D:3      | Reached skill level 5 in Axes
  2211 | D:3      | Found a shadowy altar of Dithmenos.
  2373 | D:3      | Found a broken altar of Ashenzari.
  2373 | D:3      | Found a hazy altar of Hepliaklqana.
  2380 | D:3      | Became a worshipper of Hepliaklqana the Forgotten
  2423 | D:4      | Found a radiant altar of Vehumet.
  2442 | D:4      | Noticed Ijyb
  2453 | D:4      | Killed Ijyb
  2454 | D:4      | Reached XP level 6. HP: 55/55 MP: 6/6
  2505 | D:4      | Found a white marble altar of Elyvilon.
  2519 | D:4      | Reached skill level 5 in Fighting
  2582 | D:4      | Found an ancient bone altar of Kikubaaqudgha.
  2592 | D:4      | Reached XP level 7. HP: 38/61 MP: 4/7
  2734 | D:4      | Reached skill level 5 in Shields
  2893 | D:4      | Reached * piety under Hepliaklqana
  2911 | D:4      | Reached skill level 5 in Armour
  3229 | D:5      | Entered Level 5 of the Dungeon
  3257 | D:5      | Noticed Blork the orc
  3258 | D:5      | Noticed Eustachio
  3260 | D:5      | Killed Blork the orc
  3267 | D:5      | Killed Eustachio
  3268 | D:5      | Reached skill level 6 in Fighting
  3268 | D:5      | Reached XP level 8. HP: 63/63 MP: 8/8
  3424 | D:5      | Found a shimmering altar of Xom.
  3598 | D:5      | Noticed Edmund
  3609 | D:5      | Killed Edmund
  3614 | D:5      | Reached skill level 7 in Fighting
  3653 | D:5      | Reached XP level 9. HP: 71/71 MP: 9/9
  3658 | D:5      | Noticed Menkaure
  3664 | D:5      | Killed Menkaure
  4542 | D:6      | Reached ** piety under Hepliaklqana
  4546 | D:6      | Remembered your ancestor Ryder as a battlemage
  4640 | D:6      | Found a sacrificial altar of Ru.
  4880 | D:6      | Reached skill level 8 in Fighting
  5359 | D:7      | Found a staircase to the Ecumenical Temple.
  5417 | D:7      | Found a basalt altar of Yredelemnul.
  5621 | D:7      | Noticed a hornet
  5625 | D:7      | Paralysed by a hornet for 1 turns
  5626 | D:7      | Killed a hornet
  5627 | D:7      | Reached skill level 9 in Fighting
  5627 | D:7      | Reached XP level 10. HP: 79/81 MP: 10/10
  5753 | D:7      | Reached *** piety under Hepliaklqana
  6050 | D:8      | Noticed Prince Ribbit
  6055 | D:8      | Killed Prince Ribbit
  6061 | D:8      | Reached skill level 10 in Axes
  6068 | D:8      | Found an ornate altar of the Wu Jian Council.
  6075 | D:8      | Reached skill level 10 in Fighting
  6200 | D:8      | Found a sparkling altar of Nemelex Xobeh.
  6240 | D:8      | Found a glowing golden altar of the Shining One.
  6412 | D:8      | Noticed Joseph
  6417 | D:8      | Killed Joseph
  6426 | D:8      | Noticed a gargoyle
  6433 | D:8      | Killed a gargoyle
  6443 | D:8      | Noticed a two-headed ogre
  6460 | D:8      | Killed a two-headed ogre
  6461 | D:8      | Reached skill level 11 in Fighting
  6534 | D:8      | Noticed Pikel
  6542 | D:8      | Killed Pikel
  6543 | D:8      | Reached skill level 10 in Shields
  6543 | D:8      | Reached XP level 11. HP: 80/91 MP: 9/11
  6703 | D:8      | Learned a level 1 spell: Sandblast
  6707 | D:8      | Learned a level 3 spell: Passwall
  7366 | D:9      | Reached skill level 1 in Earth Magic
  7371 | D:9      | Found a staircase to the Orcish Mines.
  7399 | D:9      | Noticed Grum
  7408 | D:9      | Killed Grum
  7523 | D:9      | Noticed Psyche
  7529 | D:9      | Killed Psyche
  7651 | D:9      | Found a glowing silver altar of Zin.
  7902 | D:9      | Noticed Erica
  7916 | D:9      | Killed Erica
  8155 | D:9      | Found a shimmering blue altar of Sif Muna.
  8533 | D:10     | Entered Level 10 of the Dungeon
  8536 | D:10     | Noticed Lodul
  8546 | D:10     | Killed Lodul
  8547 | D:10     | Reached skill level 12 in Fighting
  8627 | D:10     | Noticed Erolcha
  8629 | D:10     | Noticed a green ugly thing
  8653 | D:10     | Killed a green ugly thing
  8662 | D:10     | Mangled by a +1 spectral giant club

Illustrated notes

Levels and vault maps discovered:
D:1:      matt_arrival_refuge, layout_basic
D:2:      layout_basic, grunt_ministairs_6, uniq_jessica
D:3:      wander_river, layout_basic, gammafunk_temple_overflow_statue,
          mainiacjoe_overflow_24_doors, minmay_misc_feat_nine_boxes,
          uniq_natasha
D:4:      kennysheep_the_goblin_king, layout_basic, fiery_altar_vehumet,
          mainiacjoe_overflow_surrounded_room, mainiacjoe_overflow_chevrons,
          kennysheep_generic_room_3, uniq_ijyb
D:5:      layout_gridville, xom_confusion_cloud, nrook_uturn,
          small_statue_intersection, minmay_manual_mares, uniq_blork_the_orc,
          uniq_eustachio, uniq_edmund, uniq_menkaure
D:6:      layout_loops_corners, nicolae_ru_path_of_blood
D:7:      layout_basic, yredelemnul_forgotten_temple_becter,
          minmay_temple_entry_stoned_glass
D:8:      minmay_curly_fans, layout_loops_ring, nicolae_overflow_hidden_temple,
          nemelex_xobeh_ov_fountains_minmay, nicolae_wu_jian_wuxing_cycle,
          uniq_pikel, uniq_joseph, uniq_prince_ribbit1
D:9:      layout_rooms, kennysheep_orc_sif_temple, kennysheep_mini_moat,
          kennysheep_orc_monster_closet_entryway, enter_bailey_7,
          minmay_misc_feat_ornament, uniq_erica, uniq_grum, uniq_psyche
D:10:     layout_grid_maze, nicolae_overflow_crystal_walls, erik_lair_island,
          uniq_snorg, uniq_maggie, uniq_lodul, uniq_erolcha

Skill      XL: |  1  2  3  4  5  6  7  8  9 10 11 |
---------------+----------------------------------+-----
Axes           | 3 4 5 6 7 8 9 10 11 | 11.7
Fighting       | 4 5 6 7 9 11 12 | 12.1
Armour         | 4 5 6 7 8 9 |  9.5
Shields        | 4 6 7 9 10 | 10.7
Earth Magic    | 4 |  4.2

Action                     |  1- 3 |  4- 6 |  7- 9 | 10-12 || total
---------------------------+-------+-------+-------+-------++-------
  Melee: War axe           |    64 |     8 |       |       ||    72
         Broad axe         |       |   109 |   151 |   180 ||   440
         Unarmed           |       |       |       |     2 ||     2
 Invoke: Ancestor Identity |       |       |     1 |       ||     1
         Ancestor Life: Ba |       |       |     1 |       ||     1
         Recall Ancestor   |       |       |       |     3 ||     3
  Evoke: Wand              |       |       |       |     3 ||     3
    Use: Scroll            |     4 |     5 |     2 |     4 ||    15
         Potion            |     1 |     3 |       |     3 ||     7
   Stab: Distracted        |       |       |     2 |       ||     2
 Armour: Scale mail        |    41 |     5 |       |       ||    46
         Plate armour      |       |    52 |    23 |       ||    75
         Leather armour    |       |       |    58 |   106 ||   164
  Dodge: Dodged            |    39 |    60 |   107 |   114 ||   320
  Block: Buckler           |    12 |    15 |    41 |    52 ||   120
